 Dungeon Sprint DCSS version 0.30-a0-879-ga8ba668304 (webtiles) character file.

Game seed: 1328320355592747826

2735 Rocko1345 the Thaumaturge (level 9, -17/75 HPs)
             Began as a Gnoll Wanderer on Mar 14, 2023.
             Was the Champion of Cheibriados.
             Demolished by an emperor scorpion (18 damage)
             ... summoned by a royal mummy
             ... in the Dungeon (Sprint V: "Ziggurat Sprint").
             The game lasted 00:07:46 (611 turns).

Rocko1345 the Thaumaturge (Gnoll Wanderer)           Turns: 611, Time: 00:07:47

Health: -17/75     AC: 21    Str: 42    XL:     9   Next: 67%
Magic:  14/22      EV: 11    Int: 27    God:    Cheibriados [******]
Gold:   0          SH: 22    Dex: 27    Spells: 26/27 levels left

rFire   + . .      SeeInvis +    g - +16 obsidian axe {drain, demonic, Mesm Drain Fly SInv}
rCold   + . .      Faith    .    B - +3 tower shield
rNeg    . . .      Spirit   .    n - +5 gold dragon scales
rPois   +          Reflect  .    (no helmet)
rElec   .          Rampage  .    (no cloak)
rCorr   .          NoTele   +    (no gloves)
Will    .....                    (no boots) Stlth
                                 H - amulet of regeneration
HPRegen 1.12/turn                y - +6 ring of strength
MPRegen 0.18/turn                x - +6 ring of strength

@: flying, mesmerised, slowed, very slow
A: fangs 1, strong nose, distributed training
a: Renounce Religion, Bend Time, Temporal Distortion, Slouch, Step From Time


You were in the Dungeon.
You worshipped Cheibriados.
Cheibriados was exalted by your worship.
You visited 1 branch

Inventory:

Hand Weapons
 a - a +0 spear
 g - the +16 obsidian axe (weapon) {drain, demonic, Mesm Drain Fly SInv}
   (You found it in the Dungeon)

   Mesm:      Its wielder is mesmerised by any visible foes, and it cannot be
   unequipped while any foes are visible.
   SInv:      It lets you see invisible.
   Fly:       It grants you flight.
   Drain:     It drains your maximum health when unequipped.
 C - a +5 hand crossbow
Armour
 b - a +0 buckler
 d - a +0 leather armour
 n - +5 gold dragon scales (worn)
 B - a +3 tower shield (worn)
Jewellery
 s - a ring of flight
 t - a +6 ring of dexterity
 u - a +6 ring of dexterity
 v - a +6 ring of intelligence
 w - a +6 ring of intelligence
 x - a +6 ring of strength (right hand)
 y - a +6 ring of strength (left hand)
 E - a +4 ring of protection
 F - the ring of the Mage {Wiz Archmagi}
   (You found it in the Dungeon)

   [ring of wizardry]

   It improves your spell success rate.
   Archmagi:  It increases the power of your magical spells.
 H - an amulet of regeneration (around neck)
 I - a ring of fire
Wands
 z - a wand of mindburst (7)
 A - a wand of acid (7)
Scrolls
 c - 3 scrolls of fear
 j - 4 scrolls of blinking
 p - 4 scrolls of amnesia
 q - 7 scrolls of fog
 r - 5 scrolls of identify
 G - 4 scrolls of enchant armour
Potions
 e - 8 potions of curing
 h - 7 potions of magic
 i - 3 potions of berserk rage
 k - 2 potions of brilliance
 l - 2 potions of invisibility
 m - 4 potions of resistance
 o - 5 potions of might
Miscellaneous
 D - a lightning rod (4/4)
 J - a phial of floods


   Skills:
 + Level 8.8 Fighting
 + Level 8.3 Short Blades
 + Level 8.3 Long Blades
 + Level 8.3 Axes
 + Level 8.3 Maces & Flails
 + Level 8.8 Polearms
 + Level 8.3 Staves
 + Level 8.3 Ranged Weapons
 + Level 8.3 Throwing
 + Level 8.3 Armour
 + Level 8.3 Dodging
 + Level 8.3 Stealth
 + Level 9.6 Shields
 + Level 8.3 Unarmed Combat
 + Level 9.8 Spellcasting
 + Level 6.9 Conjurations
 + Level 6.9 Hexes
 + Level 6.9 Summonings
 + Level 6.9 Necromancy
 + Level 6.9 Translocations
 + Level 8.9 Transmutations
 + Level 6.9 Fire Magic
 + Level 6.9 Ice Magic
 + Level 6.9 Air Magic
 + Level 6.9 Earth Magic
 + Level 6.9 Poison Magic
 + Level 9.1 Invocations
 + Level 8.8 Evocations


You had 26 spell levels left.
You knew the following spells:

 Your Spells              Type           Power      Damage    Failure   Level
a - Sting                 Tmut/Pois      100%       1d8       13%         1

Your spell library contained the following spells:

 Spells                   Type           Power      Damage    Failure   Level
 Passwall                 Tmut/Erth      45%        N/A       19%         2
 Ensorcelled Hibernation  Hex/Ice        100%       N/A       28%         2
 Spider Form              Tmut/Pois      54%        N/A       36%         3
 Swiftness                Air            50%        N/A       50%         3
 Malign Gateway           Summ/Tloc      25%        N/A       100%        7
 Summon Horrible Things   Summ           25%        N/A       100%        8


Dungeon Overview and Level Annotations

Branches:
Dungeon (1/1)

Altars:
Ashenzari
Cheibriados
Dithmenos
Elyvilon
Fedhas
Gozag
Hepliaklqana
Kikubaaqudgha
Makhleb
Nemelex Xobeh
Okawaru
Qazlal
Ru
Sif Muna
Trog
Uskayaw
Vehumet
Wu Jian
Xom
Yredelemnul
Zin
The Shining One
Jiyva
Lugonu

Annotations:
D 1 transporter


Innate Abilities, Weirdness & Mutations

You have very sharp teeth.
Your uncanny sense of smell can sniff out nearby items.
Your experience applies equally to all skills.


Message History

* * * LOW HITPOINT WARNING * * *
The emperor scorpion claws you but does no damage.
The emperor scorpion barely misses you. You block the death scarab's attack.
The royal mummy casts a spell.
The emperor scorpion stings you but does no damage.
The emperor scorpion claws you but does no damage.
The emperor scorpion completely misses you.
The death scarab bites you.
* * * LOW HITPOINT WARNING * * *
The death scarab draws strength from your injuries!
The death scarab bites you but does no damage.
Unknown command.
You feel much better.
Visions of slaying the emperor scorpion flood into your mind.
The death scarab closely misses you. You block the death scarab's attack. x2
The death scarab closely misses you. The emperor scorpion stings you.
The emperor scorpion closely misses you.
You block the emperor scorpion's attack. x2
The emperor scorpion claws you.
The emperor scorpion claws you but does no damage.
The royal mummy barely misses you. The death scarab bites you!
* * * LOW HITPOINT WARNING * * *
The death scarab drains your vigour!
You feel as though you will be slow longer.
The death scarab draws strength from your injuries!
Okay, then.
You feel better. You block the death scarab's attack.
The death scarab closely misses you.
The death scarab bites you but does no damage.
You block the death scarab's attack. The death scarab closely misses you.
You block the death scarab's attack. The emperor scorpion stings you.
* * * LOW HITPOINT WARNING * * *
The emperor scorpion closely misses you.
The emperor scorpion claws you but does no damage.
The emperor scorpion stings you!
* * * LOW HITPOINT WARNING * * *
The emperor scorpion claws you but does no damage. x2
The royal mummy casts a spell.
The death scarab closely misses you. The emperor scorpion stings you!!
You die...

▓..(©...▓
▓▓▓▓▓▓▓▓▓
▓..8©8..▓
∆
▓..}))..▓
▓..[:"..▓
▓....s..▓
▓.......▓


▓ssMss..▓ ▓..B@B..▓ ▓.▓s.s▓.▓ ▓...BB..▓ ▓▓▓▓▓▓▓▓▓ ∆∆∆∆∆ ∆∆∆∆ You could see a
royal mummy, 7 emperor scorpions and 4 death scarabs.

Vanquished Creatures
  A cyclops (D)
  2 rime drakes (D)
  2 guardian mummies (D)
  3 merfolk (D)
  A yak (D)
  2 steam dragons (D)
  A bullfrog (D)
  3 quasits (D)
  2 iron imps (D)
  3 mummies (D)
  A shadow imp (D)
  2 white imps (D)
  A jackal (D)
24 creatures vanquished.

Vanquished Creatures (collateral kills)
  2 centaurs (D)
  A crimson imp (D)
  2 jackals (D)
5 creatures vanquished.

Grand Total: 29 creatures vanquished

Notes
Turn   | Place    | Note
-------+----------+-------------------------------------------
     0 | D        | Rocko1345 the Gnoll Wanderer began the quest for the Orb.
     0 | D        | Rocko1345 set off with the following items: a +0 spear, a
                  | +0 buckler, a scroll of fear, a +0 leather armour, a potion
                  | of curing, a potion of heal wounds, a potion of haste, 2
                  | potions of magic, a potion of berserk rage, a scroll of
                  | blinking; and the following spell memorised: Sting; and the
                  | following spells available to memorise: Passwall, Spider
                  | Form.
     0 | D        | Reached XP level 1. HP: 17/17 MP: 6/6
     2 | D        | Found a blossoming altar of Fedhas.
     2 | D        | Found the +6 Majin-Bo {spellvamp, MP+6 Int+6}
     2 | D        | Found the +27 heavy crossbow "Sniper" {heavy, Acc+∞ SInv}
     2 | D        | Found the +10 dark maul {heavy}
     2 | D        | Found the +15 Maxwell's patent armour {-Cast -Tele rElec
                  | Will+ rCorr}
     2 | D        | Found the +18 shield of the Gong {Loud rN+ Will+ rCorr
                  | EV-5}
     2 | D        | Found the +16 obsidian axe {drain, demonic, Mesm Drain Fly
                  | SInv}
     2 | D        | Found the +7 great mace "Firestarter" {flame, inner flame,
                  | rFlCloud rF++}
     2 | D        | Found the +6 shillelagh "Devastator" {shatter}
     2 | D        | Found the +11 plutonium sword {Contam Stlth-}
     2 | D        | Found the +8 lance "Wyrmbane" {slay drac, rPois rF+ rC+
                  | AC+3}
     2 | D        | Found the +9 sword of Zonguldrok {reap}
     2 | D        | Found the +13 scythe of Curses {drain, curses, Drain}
     2 | D        | Found the +9 sword of Power {lifebolt}
     2 | D        | Found the +7 mace of Variability {chaos, chain chaos}
     2 | D        | Found the +11 Singing Sword {sonic wave}
     2 | D        | Found the +8 storm bow {elec, penet}
     3 | D        | Found a shimmering blue altar of Sif Muna.
     3 | D        | Found a sacrificial altar of Ru.
     3 | D        | Found a bloodstained altar of Trog.
     3 | D        | Found a stormy altar of Qazlal.
     3 | D        | Found an iron altar of Okawaru.
     3 | D        | Found a sparkling altar of Nemelex Xobeh.
     5 | D        | Found a transporter.
     5 | D        | Found an ancient bone altar of Kikubaaqudgha.
     5 | D        | Found a viscous altar of Jiyva.
     5 | D        | Found a corrupted altar of Lugonu.
     5 | D        | Found a hazy altar of Hepliaklqana.
     5 | D        | Found a burning altar of Makhleb.
     5 | D        | Found an opulent altar of Gozag.
    60 | D        | Reached skill level 5 in Shields
    60 | D        | Reached skill level 5 in Spellcasting
    60 | D        | Reached XP level 2. HP: 24/24 MP: 6/8
   133 | D        | Became a worshipper of Cheibriados the Contemplative
   313 | D        | Entered arena 2.
   313 | D        | Found a transporter.
   319 | D        | Reached XP level 3. HP: 19/30 MP: 10/10
   319 | D        | Reached * piety under Cheibriados
   320 | D        | Reached XP level 4. HP: 24/37 MP: 12/12
   376 | D        | Entered arena 3.
   376 | D        | Found a transporter.
   382 | D        | Reached ** piety under Cheibriados
   382 | D        | Noticed a neqoxec
   383 | D        | Reached skill level 5 in Fighting
   383 | D        | Reached skill level 5 in Polearms
   383 | D        | Reached skill level 5 in Evocations
   383 | D        | Reached XP level 5. HP: 44/44 MP: 14/14
   415 | D        | Entered arena 4.
   415 | D        | Found a transporter.
   418 | D        | Reached *** piety under Cheibriados
   436 | D        | Entered arena 5.
   436 | D        | Found the ring of the Mage {Wiz Archmagi}
   436 | D        | Noticed a steam dragon
   436 | D        | Noticed a steam dragon
   436 | D        | Noticed a rime drake
   436 | D        | Noticed a rime drake
   436 | D        | Found a transporter.
   439 | D        | Killed a rime drake
   439 | D        | Reached **** piety under Cheibriados
   440 | D        | Reached skill level 5 in Short Blades
   440 | D        | Reached skill level 5 in Long Blades
   440 | D        | Reached skill level 5 in Axes
   440 | D        | Reached skill level 5 in Maces & Flails
   440 | D        | Reached skill level 5 in Staves
   440 | D        | Reached skill level 5 in Ranged Weapons
   440 | D        | Reached skill level 5 in Throwing
   440 | D        | Reached skill level 5 in Armour
   440 | D        | Reached skill level 5 in Dodging
   440 | D        | Reached skill level 5 in Stealth
   440 | D        | Reached skill level 5 in Unarmed Combat
   440 | D        | Reached skill level 5 in Invocations
   440 | D        | Reached XP level 6. HP: 41/52 MP: 16/16
   442 | D        | Killed a steam dragon
   442 | D        | Killed a steam dragon
   442 | D        | Killed a rime drake
   443 | D        | Reached skill level 5 in Conjurations
   443 | D        | Reached skill level 5 in Hexes
   443 | D        | Reached skill level 5 in Summonings
   443 | D        | Reached skill level 5 in Necromancy
   443 | D        | Reached skill level 5 in Translocations
   443 | D        | Reached skill level 5 in Fire Magic
   443 | D        | Reached skill level 5 in Ice Magic
   443 | D        | Reached skill level 5 in Air Magic
   443 | D        | Reached skill level 5 in Earth Magic
   443 | D        | Reached skill level 5 in Poison Magic
   443 | D        | Reached XP level 7. HP: 46/59 MP: 16/18
   443 | D        | Reached XP level 8. HP: 51/65 MP: 17/20
   481 | D        | Entered arena 6.
   481 | D        | Noticed a yak
   481 | D        | Found a transporter.
   482 | D        | Reached ***** piety under Cheibriados
   483 | D        | Killed a yak
   505 | D        | Entered arena 7.
   505 | D        | Noticed a merfolk
   505 | D        | Noticed a merfolk
   505 | D        | Noticed a merfolk
   505 | D        | Noticed a cyclops
   506 | D        | Found a transporter.
   513 | D        | Killed a merfolk
   513 | D        | Killed a cyclops
   513 | D        | Reached ****** piety under Cheibriados
   514 | D        | Reached XP level 9. HP: 23/74 MP: 20/22
   519 | D        | Killed a merfolk
   522 | D        | Killed a merfolk
   591 | D        | Entered arena 8.
   591 | D        | Noticed a guardian mummy
   591 | D        | Noticed a royal mummy
   591 | D        | Noticed a guardian mummy
   592 | D        | Found a transporter.
   599 | D        | Noticed a death scarab
   599 | D        | Noticed a death scarab
   600 | D        | Killed a guardian mummy
   600 | D        | Killed a guardian mummy
   604 | D        | Noticed an emperor scorpion
   604 | D        | Noticed an emperor scorpion
   604 | D        | Noticed an emperor scorpion
   604 | D        | Noticed an emperor scorpion
   606 | D        | Noticed an emperor scorpion
   608 | D        | Noticed a death scarab
   608 | D        | Noticed a death scarab
   608 | D        | Noticed a death scarab
   610 | D        | Noticed a death scarab
   610 | D        | Noticed an emperor scorpion
   610 | D        | Noticed an emperor scorpion
   610 | D        | Noticed an emperor scorpion
   611 | D        | HP: 1/75 [emperor scorpion[a royal mummy] (16)]
   611 | D        | Demolished by an emperor scorpion

Illustrated notes

Levels and vault maps discovered:
D:        sprint_v [room_start, room_1, room_2, room_3, room_4, room_5, room_6,
          room_7, room_8, room_9, room_10, room_11, room_12, room_13, room_14,
          room_15, room_16, room_17, room_18, room_19, room_20, room_21,
          room_22, room_23, room_24, room_25, room_26, room_27]

Skill      XL: |  1  2  3  4  5  6  7  8  9 |
---------------+----------------------------+-----
Fighting       | 3 4 5 6 8 |  8.8
Short Blades   | 2 3 4 5 6 7 8 |  8.3
Long Blades    | 2 3 4 5 6 7 8 |  8.3
Axes           | 2 3 4 5 6 7 8 |  8.3
Maces & Flails | 2 3 4 5 6 7 8 |  8.3
Polearms       | 3 4 5 6 8 |  8.8
Staves         | 2 3 4 5 6 7 8 |  8.3
Ranged Weapons | 2 3 4 5 6 7 8 |  8.3
Throwing       | 2 3 4 5 6 7 8 |  8.3
Armour         | 2 3 4 5 6 7 8 |  8.3
Dodging        | 2 3 4 5 6 7 8 |  8.3
Stealth        | 2 3 4 5 6 7 8 |  8.3
Shields        | 5 6 7 8 9 |  9.6
Unarmed Combat | 2 3 4 5 6 7 8 |  8.3
Spellcasting   | 5 6 7 8 9 |  9.8
Conjurations   | 2 3 4 5 6 |  6.9
Hexes          | 2 3 4 5 6 |  6.9
Summonings     | 2 3 4 5 6 |  6.9
Necromancy     | 2 3 4 5 6 |  6.9
Translocations | 2 3 4 5 6 |  6.9
Fire Magic     | 2 3 4 5 6 |  6.9
Ice Magic      | 2 3 4 5 6 |  6.9
Air Magic      | 2 3 4 5 6 |  6.9
Earth Magic    | 2 3 4 5 6 |  6.9
Poison Magic   | 2 3 4 5 6 |  6.9
Invocations    | 2 3 4 5 7 8 9 |  9.1
Evocations     | 3 4 5 6 8 |  8.8
Transmutations | 6 7 8 |  8.9

Action                     |  1- 3 |  4- 6 |  7- 9 || total
---------------------------+-------+-------+-------++-------
  Melee: Broad axe         |     6 |    13 |    20 ||    39
         Bite              |     2 |     1 |     5 ||     8
 Invoke: Step From Time    |       |       |     1 ||     1
    Use: Potion            |     1 |       |    12 ||    13
   Stab: Distracted        |       |     1 |       ||     1
 Armour: Gold dragon scale |    31 |    22 |    24 ||    77
  Dodge: Dodged            |       |     4 |    38 ||    42
  Block: Tower shield      |    18 |    20 |    68 ||   106

Table legend: (Time is in decaauts)
 A = Elapsed time spent in this place.
 B = Non-inter-level travel time spent in this place.
 C = Inter-level travel time spent in this place.
 D = Time resting spent in this place.
 E = Time spent auto-exploring this place.
 F = Levels seen in this place.
 G = Mean time per level.
                   A        B        C        D        E       F      G
               +--------+--------+--------+--------+--------+-----+--------+
         Total |    762 |    762 |      0 |    116 |     14 |   1 |  762.0 |
       Dungeon |    762 |    762 |      0 |    116 |     14 |   1 |  762.0 |
               +--------+--------+--------+--------+--------+-----+--------+

Top non-repeatable levels by time:
       D: 762 daAuts
